 Seeded DCSS version 0.28-a0-1555-g9ae15a6949 (webtiles) character file.

Game seed: 75 (custom seed)

142 knot the Chopper (level 5, 50/61 HPs)
             Began as a Demonspawn Berserker on Jan 19, 2022.
             Was a Believer of Trog.
             Quit the game on level 3 of the Dungeon.
             The game lasted 00:01:48 (2548 turns).

knot the Chopper (Demonspawn Berserker)             Turns: 2548, Time: 00:01:49

Health: 50/61      AC:  7    Str: 17    XL:     5   Next: 4%
Magic:  5/5        EV: 11    Int: 11    God:    Trog [**....]
Gold:   67         SH:  0    Dex: 12    Spells: 4/4 levels left

rFire   . . .      SeeInvis .   a - +0 hand axe
rCold   . . .      Faith    .   (no shield)
rNeg    . . .      Spirit   .   h - +0 ring mail
rPois   .          Reflect  .   (helmet restricted)
rElec   .          Harm     .   j - +1 cloak
rCorr   .          Rampage  .   (no gloves)
Will    .....                   (no boots)
Stlth   ..........              (no amulet)
HPRegen 0.20/turn               (no ring)
MPRegen 0.09/turn               (no ring)

@: berserking, very quick
A: horns 1, demonic magic 1
a: Renounce Religion, Berserk, Trog's Hand


You were on level 3 of the Dungeon.
You worshipped Trog.
Trog was pleased with you.
You visited 1 branch of the dungeon, and saw 3 of its levels.

You collected 67 gold pieces.

Inventory:

Hand Weapons
 a - a +0 hand axe (weapon)
Missiles
 f - 6 stones
 k - 5 poisoned darts (quivered)
Armour
 h - a +0 ring mail (worn)
 j - a +1 cloak (worn)
Jewellery
 b - a ring of flight
Scrolls
 d - a scroll of fear {unknown}
 e - a scroll of immolation {unknown}
 i - a scroll of identify {unknown}
Potions
 c - a potion of haste {unknown}
 g - a potion of ambrosia {unknown}


   Skills:
 - Level 3.0 Fighting
 * Level 4.7 Axes
 * Level 2.0 Throwing
 - Level 1.7 Armour
 - Level 1.7 Dodging


You had 4 spell levels left.
You didn't know any spells.
Your spell library was empty.

Dungeon Overview and Level Annotations

Branches:
Dungeon (3/15)

Altars:


Innate Abilities, Weirdness & Mutations

You have a pair of small horns on your head.
Spells you cast may paralyse adjacent enemies.


Message History

A frilled lizard comes into view.
The frilled lizard hisses angrily.
There are monsters nearby!
Terence closely misses you.
There are monsters nearby!
You barely miss Terence. You headbutt Terence, but do no damage.
Terence hits you with a +0 mace.
You hit Terence.
Terence is moderately wounded.
Terence misses you.
A red film seems to cover your vision as you go berserk!
You feel yourself moving faster!
You feel mighty! Terence closely misses you.
You closely miss Terence. You headbutt Terence!
Terence is severely wounded.
You closely miss the frilled lizard. Terence hits you with a +0 mace.
You hit Terence. Your headbutt misses Terence.
Terence is severely wounded.
You closely miss the frilled lizard.
The frilled lizard bites you but does no damage.
You barely miss Terence.
Terence is severely wounded.
You closely miss the frilled lizard. Terence closely misses you.
The frilled lizard bites you but does no damage.
You hit Terence.
Terence is severely wounded.
You miss the frilled lizard. Terence hits you with a +0 mace.
The frilled lizard barely misses you.
You closely miss Terence.
Terence is severely wounded.
You closely miss the frilled lizard. Terence barely misses you.
You closely miss Terence. You headbutt Terence.
You kill Terence!
Trog accepts your kill.
You closely miss the frilled lizard. The frilled lizard barely misses you.
Your Throwing skill increases to level 2!
You have reached level 5!
Your demonic ancestry asserts itself...
A menacing aura infuses your magic.
You are too berserk!
Are you sure you want to abandon this character and quit the game? (Confirm with "yes".)

.#.... # ....#
.# ..
....####.#
.###.........
............
#..........
#..)l......
#..@..#
#.....# .###
##.....#
.....##......#
#........)..#
#.#.##.####.#
# #......# ...
#.#.##.###
.###
##......### .#


You could see a frilled lizard.

Vanquished Creatures
  Terence (D:3)
  Natasha (D:2)
  An adder (D:2)
  3 gnolls (D:2)
  2 dart slugs (D:2)
  3 orcs (D:2)
  7 bats
  8 endoplasms
  A giant cockroach (D:1)
  3 goblins
  5 hobgoblins
  2 quokkas (D:1)
  A ball python (D:1)
  3 frilled lizards
  3 kobolds
  3 rats (D:1)
47 creatures vanquished.

Notes
Turn   | Place    | Note
-------+----------+-------------------------------------------
     0 | D:1      | knot the Demonspawn Berserker began the quest for the Orb.
     0 | D:1      | Reached XP level 1. HP: 18/18 MP: 1/1
    99 | D:1      | Reached skill level 3 in Axes
   214 | D:1      | Gained mutation: You have a pair of small horns on your
                  | head. [demonic ancestry]
   214 | D:1      | Reached XP level 2. HP: 17/24 MP: 2/2
  1484 | D:2      | Reached XP level 3. HP: 22/29 MP: 3/3
  1485 | D:2      | Reached ** piety under Trog
  1610 | D:2      | Reached skill level 4 in Axes
  1935 | D:2      | Noticed Natasha
  1944 | D:2      | Killed Natasha
  1945 | D:2      | Reached skill level 1 in Throwing
  1945 | D:2      | Reached XP level 4. HP: 35/35 MP: 4/4
  2535 | D:3      | Noticed Terence
  2547 | D:3      | Killed Terence
  2548 | D:3      | Gained mutation: Spells you cast may paralyse adjacent
                  | enemies. [demonic ancestry]
  2548 | D:3      | Reached XP level 5. HP: 41/41 MP: 5/5
  2548 | D:3      | Quit the game

Illustrated notes

Levels and vault maps discovered:
D:1:      eino_arrival_druids_welcome, layout_basic
D:2:      layout_loops_ring, uniq_natasha
D:3:      layout_basic, kiku_gazebo_pond_becter,
          nicolae_dithmenos_shadow_blocks, serial_shops, shop,
          dreamdust_ecumenical_altar_statues, kennysheep_crisscross, uniq_robin,
          uniq_terence, uniq_grinder

Skill      XL: |  1  2  3  4 |
---------------+-------------+-----
Axes           | 3 4 |  4.7
Throwing       | 1 2 |  2.0
Fighting       | |  3.0
Armour         | |  1.7
Dodging        | |  1.7

Action                   |  1- 3 |  4- 6 || total
-------------------------+-------+-------++-------
Melee: Hand axe          |    92 |    27 ||   119
       Headbutt          |    11 |     5 ||    16
       Punch             |     1 |       ||     1
Throw: Dart              |     2 |     5 ||     7
Invok: Berserk           |     2 |     1 ||     3
 Stab: Sleeping          |     1 |       ||     1
Armor: Animal skin       |    11 |       ||    11
       Ring mail         |    19 |    13 ||    32
Dodge: Dodged            |    59 |    19 ||    78

Table legend: (Time is in decaauts)
 A = Elapsed time spent in this place.
 B = Non-inter-level travel time spent in this place.
 C = Inter-level travel time spent in this place.
 D = Time resting spent in this place.
 E = Time spent auto-exploring this place.
 F = Levels seen in this place.
 G = Mean time per level.
                   A        B        C        D        E       F      G
               +--------+--------+--------+--------+--------+-----+--------+
         Total |   2580 |   2514 |     66 |    903 |   1295 |   3 |  860.0 |
       Dungeon |   2580 |   2514 |     66 |    903 |   1295 |   3 |  860.0 |
               +--------+--------+--------+--------+--------+-----+--------+

Top non-repeatable levels by time:
     D:2: 1412 daAuts
     D:1: 1145 daAuts
     D:3: 22 daAuts
